 Dungeon Crawl Stone Soup version 0.30-a0-341-g682706514a (webtiles) character file.

Game seed: 7751621651590782843

79 Elric the Poker (level 4, -5/51 HPs)
             Began as a Merfolk Reaver on Nov 2, 2022.
             Was an Initiate of Dithmenos.
             Killed by divine providence
             ... invoked by an orc priest
              (16 damage)
             ... on level 3 of the Dungeon.
             The game lasted 00:03:58 (1809 turns).

Elric the Poker (Merfolk Reaver)                    Turns: 1809, Time: 00:03:59

Health: -5/51      AC: 22    Str: 14    XL:     4   Next: 37%
Magic:  6/7        EV:  2    Int: 12    God:    Dithmenos [......]
Gold:   159        SH:  0    Dex: 12    Spells: 3/7 levels left

rFire   . . .      SeeInvis .    a - +0 spear
rCold   . . .      Faith    .    (no shield)
rNeg    + . .      Spirit   .    (body armour currently unavailable)
rPois   +          Reflect  .    (helmet currently unavailable)
rElec   .          Harm     .    (cloak currently unavailable)
rCorr   .          Rampage  .    (gloves currently unavailable)
Will    .....      NoTele   +    (boots currently unavailable)
Stlth   +.........               (no amulet)
HPRegen 0.28/turn                h - ring of positive energy
MPRegen 0.10/turn                (no ring)

@: tree-form, very slightly contaminated
A: stationary, stasis, torment immunity, boosted hp, (nimble swimmer 2),
(mertail)
a: Renounce Religion


You were on level 3 of the Dungeon.
You worshipped Dithmenos.
Dithmenos was noncommittal.
You were a tree.
You visited 1 branch of the dungeon, and saw 3 of its levels.

You collected 159 gold pieces.

Inventory:

Hand Weapons
 a - a +0 spear (weapon)
Armour
 b - a +0 leather armour (melded)
Jewellery
 h - a ring of positive energy (left branch)
Scrolls
 d - a scroll of brand weapon {unknown}
 e - 4 scrolls of identify {unknown}
 g - a scroll of immolation {unknown}
 k - 5 scrolls of teleportation {unknown}
 m - a scroll of enchant weapon {unknown}
 n - a scroll of blinking {unknown}
 p - a scroll of poison {unknown}
 q - a scroll of fear {unknown}
Potions
 c - a potion of haste {unknown}
 f - a potion of brilliance {unknown}
 i - 2 potions of lignification
 j - 2 potions of mutation {unknown}
 l - a potion of magic {unknown}
 o - 2 potions of curing {unknown}
 r - 2 potions of heal wounds {unknown}
 s - a potion of degeneration {unknown}


   Skills:
 + Level 2.4 Fighting
 - Level 6.2 Polearms
 - Level 2.6 Dodging
 - Level 2.0 Spellcasting
 - Level 2.4 Conjurations
 + Level 0.5 Translocations
 + Level 0.4 Air Magic


You had 3 spell levels left.
You knew the following spells:

 Your Spells              Type           Power      Damage    Failure   Level
a - Kiss of Death         Conj/Necr      16%        2d6       17%         1
b - Vhi's Electric Charg  Tloc/Air       4%         N/A       56%         3

Your spell library contained the following spells:

 Spells                   Type           Power      Damage    Failure   Level
 Magic Dart               Conj           24%        1d4       11%         1
 Momentum Strike          Conj/Tloc      8%         3d8       22%         2
 Call Imp                 Summ           1%         N/A       38%         2
 Hailstorm                Conj/Ice       4%         3d4       45%         3
 Mephitic Cloud           Conj/Pois/Air  3%         N/A       50%         3
 Arcjolt                  Conj/Air       2%         1d12      99%         5
 Maxwell's Capacitive Co  Air            1%         ∞         100%        8


Dungeon Overview and Level Annotations

Branches:
Dungeon (3/15)

Altars:
Dithmenos


Innate Abilities, Weirdness & Mutations

You are a tree.
Your roots penetrate the ground, keeping you stationary.
You cannot be teleported.
You are immune to unholy pain and torment.
Your maximum health is greatly increased.
Your equipment is partially melded.
((You are very nimble when in or above water. (Stealth+, EV+, Speed+++)))
((Your lower body shifts to a powerful aquatic tail in water.))


Message History

Reach: a) +0 spear
Press: ? - help, Dir - move target, f - orc priest
Aim: an orc priest, wielding a +0 flail and wearing a +0 leather armour (about 36% to evade your +0 spear)
You reach to attack!
You hit the orc priest but do no damage.
Reach: a) +0 spear
Press: ? - help, Dir - move target, f/p - orc priest
Aim: an orc priest, wielding a +0 flail and wearing a +0 leather armour (about 36% to evade your +0 spear)
The orc is in the way.
You hit the orc.
The orc is almost dead.
The orc hits you with a +0 hand axe.
Reach: a) +0 spear
Press: ? - help, Dir - move target, f/p - orc priest
Aim: an orc priest, wielding a +0 flail and wearing a +0 leather armour (about 36% to evade your +0 spear)
The orc is in the way.
You hit the orc.
You kill the orc!
Dithmenos accepts your kill. What are your orders? t - Shout!
Orders for allies: a - Attack new target. p - Attack previous target. r - Retreat! s - Stop attacking. g - Guard the area. f - Follow me.
Anything else - Cancel.
Okay, then.
Cast which spell? (? or * to list)
Aiming: Kiss of Death (safe; 22% risk of failure)
Press: ? - help, Shift-Dir - straight line, f/p - orc priest
Aim: an orc priest, wielding a +0 flail and wearing a +0 leather armour (100% to hit)
You miscast Kiss of Death.
You are very lightly contaminated with residual magic.
Nothing appears to happen.
The orc priest mumbles some strange prayers to Beogh against you.
Beogh smites you!
* * * LOW HITPOINT WARNING * * *
It was a potion of lignification.
You turn into a tree.
Your +0 leather armour melds into your body.
Your roots penetrate the ground.
The orc priest mumbles some strange prayers to Beogh against you.
Beogh smites you!
You die...

#### .... .#.
# # ##..# #.##
..## ...# #..#
#.J# #.#..#
.##.#o####
..## .
....##♣..#
.#..# #
#.....# ##..#
#.##....####
..##..
....##..#..#
#..# ## .
.##..##....#
#.#..#
#..##.#.#.._.#
..# ...
#....##.....#
.#..##.
#..###..#
##..#
#....####


You could see an orc priest and an endoplasm.

Vanquished Creatures
  An adder (D:3)
  A worm (D:2)
  5 orcs (D:3)
  8 bats
  6 endoplasms
  3 giant cockroaches
  4 goblins
  7 hobgoblins
  A kobold (D:2)
  4 quokkas
  5 ball pythons
  3 frilled lizards
  9 rats
57 creatures vanquished.

Notes
Turn   | Place    | Note
-------+----------+-------------------------------------------
     0 | D:1      | Elric the Merfolk Reaver began the quest for the Orb.
     0 | D:1      | Reached XP level 1. HP: 16/16 MP: 3/3
    85 | D:1      | Reached XP level 2. HP: 12/22 MP: 5/5
   324 | D:1      | Reached skill level 5 in Polearms
   501 | D:1      | Reached XP level 3. HP: 27/27 MP: 6/6
   947 | D:2      | Reached skill level 6 in Polearms
  1416 | D:3      | Learned a level 3 spell: Vhi's Electric Charge
  1538 | D:3      | Reached XP level 4. HP: 31/33 MP: 7/7
  1785 | D:3      | Found a shadowy altar of Dithmenos.
  1792 | D:3      | Became a worshipper of Dithmenos the Shadowed
  1809 | D:3      | Killed from afar by an orc priest

Illustrated notes

Levels and vault maps discovered:
D:1:      psy_arrival_terrarium, layout_loops_ring, serial_glass,
          glass_columns_b, glass_columns_c, glass_columns_a, glass_columns_a,
          glass_columns_b, glass_columns_a
D:2:      layout_rooms, grunt_ministairs_2, ebering_dispersal_statue_hall,
          bh_walls_and_bars
D:3:      layout_basic, mainiacjoe_overflow_alcove_1, eino_tiny_chamber,
          dk_vineyard_3, nicolae_eternal_life

Skill      XL: |  1  2  3 |
---------------+----------+-----
Polearms       | 5 6 |  6.2
Fighting       | |  2.4
Dodging        | |  2.6
Spellcasting   | |  2.0
Conjurations   | |  2.4
Translocations | |  0.5
Air Magic      | |  0.4

Action                   |  1- 3 |  4- 6 || total
-------------------------+-------+-------++-------
Melee: Spear             |   193 |    45 ||   238
  Use: Potion            |       |     1 ||     1
 Stab: Sleeping          |     3 |       ||     3
Armor: Leather armour    |    32 |    15 ||    47
Dodge: Dodged            |    66 |    35 ||   101

Table legend: (Time is in decaauts)
 A = Elapsed time spent in this place.
 B = Non-inter-level travel time spent in this place.
 C = Inter-level travel time spent in this place.
 D = Time resting spent in this place.
 E = Time spent auto-exploring this place.
 F = Levels seen in this place.
 G = Mean time per level.
                   A        B        C        D        E       F      G
               +--------+--------+--------+--------+--------+-----+--------+
         Total |   1765 |   1746 |     19 |      0 |   1388 |   3 |  588.3 |
       Dungeon |   1765 |   1746 |     19 |      0 |   1388 |   3 |  588.3 |
               +--------+--------+--------+--------+--------+-----+--------+

Top non-repeatable levels by time:
     D:1: 756 daAuts
     D:3: 550 daAuts
     D:2: 459 daAuts
